 Dungeon Crawl Stone Soup version 0.18-a0-844-g9229740 (webtiles) character file.

1788 4thArraOfDagon the Cudgeler (level 8, 0/67 HPs)
             Began as a Centaur Artificer on Dec 19, 2015.
             Was a Follower of Okawaru.
             Slain by a wight
             ... wielding a +2 battleaxe of freezing
              (1 damage)
             ... on level 9 of the Dungeon.
             The game lasted 00:20:26 (4039 turns).

4thArraOfDagon the Cudgeler (Centaur Artificer)     Turns: 4039, Time: 00:20:26

Health: 0/67       AC: 16    Str: 13      XL:     8   Next: 82%
Magic:  10/10      EV:  5    Int: 11      God:    Okawaru [*.....]
Gold:   175        SH:  0    Dex: 10 (13) Spells: 0 memorised, 7 levels left

rFire  . . .     SeeInvis .     t - +4 mace (protect)
rCold  + . .     Gourm    .     u - +0 chain mail
rNeg   . . .     Faith    .     (no shield)
rPois  .         Spirit   .     (no helmet)
rElec  .         Dismiss  .     s - +0 cloak
rCorr  .         Reflect  .     (no gloves)
SustAt .         Harm     .     (no barding)
MR     .....                    (no amulet)
Stlth  ..........               (no ring)
                                D - ring of protection from cold

@: heroism, heavily drained, very quick, not resistant to hostile enchantments,
extremely unstealthy
A: hooves 3, deformed body, speed 2, tough skin 3
a: Heroism, Renounce Religion


You were on level 9 of the Dungeon.
You worshipped Okawaru.
Okawaru was aware of your devotion.
You were not hungry.

You visited 2 branches of the dungeon, and saw 10 of its levels.

You collected 253 gold pieces.
You spent 78 gold pieces at shops.

Inventory:

Hand Weapons
 a - a +0 short sword
 t - a +4 mace of protection (weapon)
Missiles
 E - 4 exploding tomahawks (quivered)
Armour
 s - a +0 cloak (worn)
 u - a +0 chain mail (worn)
Jewellery
 D - a ring of protection from cold (left hand)
Wands
 c - a wand of flame (0)
 d - a wand of enslavement (0)
 e - a wand of random effects (0)
 q - a wand of flame (37)
 r - a wand of teleportation (5)
 y - a wand of frost (11)
 C - a wand of random effects (18)
Scrolls
 i - 2 scrolls of recharging
 j - 4 scrolls of identify
 n - 3 scrolls of remove curse
 o - a scroll of fog
 v - a scroll of fear {unknown}
 A - 3 scrolls of teleportation {unknown}
Potions
 g - 2 potions of curing
 h - a potion of haste
 k - a potion of magic
 w - a potion of poison {unknown}
 x - a potion of flight
 z - a potion of berserk rage
Books
 b - a book of Enchantments

   Spells                             Type                      Level
   a - Cause Fear                     Hexes                        4
   b - Yara's Violent Unravelling     Hexes/Transmutation          5
   c - Silence                        Hexes/Air                    5
   d - Deflect Missiles               Charms/Air                   6
   e - Haste                          Charms                       6
   f - Discord                        Hexes                        8
Comestibles
 f - 3 bread rations
 l - 3 fruits
 m - 2 beef jerkies
 p - a meat ration
 B - a slice of pizza


   Skills:
 + Level 4.7(8.0) Fighting
 - Level 0.8(4.3) Short Blades
 - Level 4.7(8.0) Maces & Flails
   Level 4.0(7.3) Polearms
 - Level 4.3(7.6) Armour
 - Level 1.3(4.8) Dodging
 - Level 0.5(3.9) Stealth
 + Level 3.9(2.4) Invocations
 - Level 3.3(1.9) Evocations


You had 7 spell levels left.
You didn't know any spells.

Dungeon Overview and Level Annotations

Branches:
Dungeon (9/15)             Temple (1/1) D:7
   Lair: D:8-11         Orc: D:9-12

Altars:
Elyvilon
Gozag
Makhleb
Nemelex Xobeh
Okawaru
Pakellas
Ru
Vehumet
Xom
Yredelemnul
Zin
The Shining One

Shops:
D:6 (!


Innate Abilities, Weirdness & Mutations

You have hooves in place of feet.
Armour fits poorly on your strangely shaped body.
You cover ground very quickly.
You have extremely tough skin (AC +3).


Message History

Drink which item? (? for menu, Esc to quit)
You feel better. Something hits you.
* * * LOW HITPOINT WARNING * * *
Unknown command.
Drink which item? (? for menu, Esc to quit)
You feel better. Something hits you!
* * * LOW HITPOINT WARNING * * *
You feel drained.
* * * LOW HITPOINT WARNING * * *
Something freezes you.
* * * LOW HITPOINT WARNING * * *
Unknown command.
Unknown command.
Read which item? (? for menu, Esc to quit)
Okay, then.
Drink which item? (? for menu, Esc to quit)
You feel better. Something hits you!
* * * LOW HITPOINT WARNING * * *
You feel drained.
You die...

#.......# #######+ #.......# .#
#....... ##.......# #####'##
###....... .'.......###
#......####.'....... .#.......'.#
#......##...#.......
##.......#...#......#..###...)<..
#.......###.'......'.## #.......
#.......# #......### #..(....
##'###### #..@...# ##+##### #.###
####'##### .. #...## #..z..# #.
###..# #####.# #.## ##)#
######.## #..#
#####'#########z......# ###'###
#.....................# #......
+.......'..####.......# #....>.
#.......#### #.......####......


You could see a wight.

Vanquished Creatures
  A hippogriff (D:7)
  An ice beast (D:9)
  A phantom (D:4)
  A killer bee (D:7)
  2 centaurs (D:6)
  2 ogres (D:5)
  Terence (D:3)
  2 electric eels (D:6)
  A quasit (D:9)
  5 wights
  2 crimson imps
  2 hounds (D:5)
  A giant frog zombie (D:5)
  3 orc priests
  A centaur skeleton (D:6)
  A giant frog skeleton (D:5)
  3 orc wizards (D:6)
  4 worker ants
  A killer bee zombie (D:9)
  A hound skeleton (D:4)
  4 adders
  A worm (D:2)
  2 giant geckos (D:1)
  30 orcs
  3 giant cockroaches
  3 goblins
  3 hobgoblins
  3 jackals (D:1)
  3 quokkas
  6 bats
  5 giant newts
  A kobold (D:2)
100 creatures vanquished.

Vanquished Creatures (collateral kills)
  A scorpion (D:5)
  2 orc priests (D:7)
  3 gnolls (D:3)
  An adder (D:2)
  A worm (D:3)
  7 orcs
  2 kobolds
17 creatures vanquished.

Vanquished Creatures (others)
  A scorpion (D:5)
  A wight (D:6)
  An orc priest (D:6)
  Ijyb (D:2)
  2 worker ants
  An adder (D:2)
7 creatures vanquished.

Grand Total: 124 creatures vanquished

Notes
Turn   | Place    | Note
--------------------------------------------------------------
     0 | D:1      | 4thArraOfDagon the Centaur Artificer began the quest for the Orb.
     0 | D:1      | Reached XP level 1. HP: 16/16 MP: 2/2
    48 | D:1      | Reached skill level 3 in Evocations
    91 | D:1      | Reached XP level 2. HP: 5/23 MP: 4/4
   328 | D:2      | Noticed Ijyb
   386 | D:2      | Your ally died
   450 | D:2      | Reached XP level 3. HP: 19/29 MP: 5/5
   582 | D:3      | Found an opulent altar of Gozag.
   583 | D:3      | Noticed Terence
   679 | D:3      | Killed Terence
   734 | D:3      | Noticed a hippogriff
   790 | D:3      | Reached XP level 4. HP: 35/38 MP: 6/6
   988 | D:4      | Noticed a phantom
  1049 | D:4      | Killed a phantom
  1049 | D:4      | Reached skill level 1 in Armour
  1049 | D:4      | Reached XP level 5. HP: 31/45 MP: 7/7
  1244 | D:5      | Entered Level 5 of the Dungeon
  1343 | D:5      | Reached skill level 1 in Polearms
  1443 | D:6      | Reached XP level 6. HP: 40/51 MP: 8/8
  1573 | D:6      | Found Vaij's Distillery.
  1580 | D:6      | Bought a potion of berserk rage for 65 gold pieces
  1580 | D:6      | Bought a potion of degeneration for 13 gold pieces
  1711 | D:5      | Reached XP level 7. HP: 51/57 MP: 9/9
  1736 | D:5      | Reached skill level 4 in Polearms
  2037 | D:6      | Found Jizin's Weapon Shoppe.
  2429 | D:7      | Found a staircase to the Ecumenical Temple.
  2438 | Temple   | Entered the Ecumenical Temple
  2474 | Temple   | Became a worshipper of Warmaster Okawaru
  2580 | D:6      | Reached skill level 1 in Invocations
  2580 | D:6      | Reached XP level 8. HP: 46/63 MP: 10/10
  3400 | D:7      | Reached * piety under Okawaru
  3685 | D:9      | Noticed a troll
  3695 | D:9      | HP: 3/67 [ogre/giant club (23)]
  4038 | D:9      | HP: 2/67 [something (5)]
  4039 | D:9      | Slain by a wight

Vault maps used:
D:1:      denvon_arrival_planthouse, hangedman_decor_growths, roderic_lattice_a
D:2:      uniq_iyjb
D:3:      minmay_misc_feat_square, nicolae_gozag_seed_capital, uniq_terence
D:4:      led_sif_pool, first_bread, minmay_splitting_lines, minmay_cupped
D:6:      serial_shops, nicolae_shop_trees, kennysheep_diamond
D:7:      lemuel_temple_firewalk, grunt_ogre_cave
D:8:      nemelex_spade_bored_becter
D:9:      grunt_qazlal_clouds
Temple:   kilobyte_greek_temple_18

Action                   |  1- 3 |  4- 6 |  7- 9 || total
-------------------------+-------+-------+-------++-------
Melee: Short sword       |    55 |       |       ||    55
       Mace              |     6 |    92 |   334 ||   432
       Trident           |       |     4 |       ||     4
Invok: Heroism           |       |       |     1 ||     1
Evoke: Wand              |    17 |    12 |    31 ||    60
  Use: Scroll            |       |    11 |     1 ||    12
       Potion            |       |       |     4 ||     4
 Stab: Paralysed         |     1 |       |       ||     1
  Eat: Chunk             |       |     2 |     7 ||     9
       Royal jelly       |       |       |     1 ||     1
